 Dungeon Crawl Stone Soup version 0.23-a0-49-gd9f7a49 (webtiles) character file.

2891 Torious the Grappler (level 9, -9/80 HPs)
             Began as a Troll Monk on Aug 7, 2018.
             Was a High Priest of Cheibriados.
             Mangled by an ogre
             ... wielding a +0 giant spiked club
              (15 damage)
             ... on level 7 of the Dungeon.
             The game lasted 00:14:20 (5023 turns).

Torious the Grappler (Troll Monk)                   Turns: 5023, Time: 00:14:21

Health: -9/80      AC:  1    Str: 32    XL:     9   Next: 48%
Magic:  7/11       EV: 16    Int: 19    God:    Cheibriados [*****.]
Gold:   485        SH:  0    Dex: 24    Spells: 8/8 levels left

rFire    . . .     SeeInvis .     - Unarmed
rCold    . . .     Gourm    +   (no shield)
rNeg     . . .     Faith    .   a - +0 robe
rPois    .         Spirit   .   (helmet restricted)
rElec    .         Reflect  .   (no cloak)
rCorr    .         Harm     .   (gloves unavailable)
MR       .....                  (boots unavailable)
Stlth    ++........             (no amulet)
HPRegen  0.63/turn              j - ring of wizardry
MPRegen  0.12/turn              (no ring)

@: corroded, very slow
A: large, unfitting armour, claws 3, fast metabolism 3, gourmand, regeneration
1, shaggy fur 1, tough skin 2
a: Bend Time, Temporal Distortion, Slouch, Step From Time, Renounce Religion


You were on level 7 of the Dungeon.
You worshipped Cheibriados.
Cheibriados was extremely pleased with you.
You were very full.

You visited 1 branch of the dungeon, and saw 7 of its levels.
You also visited: Sewer.

You collected 485 gold pieces.

Inventory:

Armour
 a - a +0 robe (worn)
Jewellery
 j - a ring of wizardry (left claw)
 l - an uncursed ring of ice
 y - an uncursed ring of resist corrosion {unknown}
Wands
 x - a wand of iceblast (9)
Scrolls
 e - a scroll of enchant armour
 f - 2 scrolls of noise {unknown}
 g - 6 scrolls of magic mapping
 h - 3 scrolls of fear
 m - a scroll of amnesia
 n - a scroll of fog {unknown}
 p - 4 scrolls of remove curse
 r - a scroll of blinking
 u - a scroll of teleportation {unknown}
 w - 2 scrolls of immolation
Potions
 c - a potion of lignification {unknown}
 d - a potion of heal wounds
 i - a potion of flight
 k - 5 potions of curing
 o - a potion of haste {unknown}
 q - a potion of berserk rage {unknown}
 s - 2 potions of agility {unknown}
 t - a potion of cancellation {unknown}
Comestibles
 b - 15 rations
 v - 6 chunks of flesh


   Skills:
 - Level 2.4 Fighting
 + Level 6.9 Dodging
 - Level 1.0 Stealth
 - Level 10.0 Unarmed Combat
 + Level 4.3 Invocations


You had 8 spell levels left.
You didn't know any spells.
Your spell library was empty.

Dungeon Overview and Level Annotations

Branches:
Dungeon (7/15)
 Temple: D:4-7

Altars:
Ashenzari
Cheibriados
Dithmenos
Okawaru
Qazlal
Sif Muna
Xom
Yredelemnul

Annotations:
D:7 5 transporters


Innate Abilities, Weirdness & Mutations

You are too large for most types of armour.
You have claws for hands.
Your metabolism is lightning-fast.
You like to eat raw meat.
Your natural rate of healing is unusually fast.
You are covered in fur. (AC +1)
You have very tough skin. (AC +2)


Message History

The ogre is lightly wounded.
The ogre closely misses you. The jelly hits you.
* * * LOW HITPOINT WARNING * * *
The acid corrodes you!
You are splashed with acid!
The acid burns!
* * * LOW HITPOINT WARNING * * *
Unknown command.
You claw the ogre!
The ogre is heavily wounded.
The jelly barely misses you.
You barely miss the ogre.
The ogre is heavily wounded.
The ogre barely misses you.
You scratch the ogre but do no damage.
The ogre is heavily wounded.
The jelly hits you.
* * * LOW HITPOINT WARNING * * *
You are splashed with acid!
The acid burns!
* * * LOW HITPOINT WARNING * * *
The ogre hits you with a giant spiked club!
You die...

..# ....
#.O.#.....# ###
....##O.!##....# #
#J.........©# #
#.....©.....#
#©.........©##
#...##...##...#
#....#...#.)..##
..........)).©.#
.....©.©..J@..#
###'#######O#### ##
#$$?$$# #$$$$$# .#
##$=(## ##$))##
.##################
....#######©#######
.####...(.........#
.# ######..##.####
.# #.####.#


You could see an ogre and a jelly.

Vanquished Creatures
  A hornet (D:7)
  2 hippogriffs (D:7)
  A slime creature (D:7)
  A water moccasin (D:6)
  Duvessa (D:7)
  Purgy (Sewer)
  An orc warrior (D:7)
  An ice beast (D:6)
  A sky beast (D:6)
  6 ogres
  2 centaurs
  A bullfrog (D:6)
  Dowan (D:7)
  2 howler monkeys
  2 orc priests (D:6)
  3 hounds
  5 orc wizards
  3 bullfrog skeletons
  2 iguanas
  5 worker ants
  A killer bee zombie (D:7)
  5 adders
  2 shadow imps (D:7)
  An ooze (D:3)
  2 adder skeletons
  A worm (D:4)
  2 dart slugs (D:1)
  5 leopard geckos
  14 orcs
  A ball python (D:1)
  9 bats
  4 giant cockroaches
  9 goblins
  4 hobgoblins
  9 jackals
  14 kobolds
  2 quokkas (D:3)
  3 frilled lizards
  A giant cockroach zombie (D:6)
  7 rats
138 creatures vanquished.

Notes
Turn   | Place    | Note
-------+----------+-------------------------------------------
     0 | D:1      | Torious the Troll Monk began the quest for the Orb.
     0 | D:1      | Reached XP level 1. HP: 22/22 MP: 0/0
   112 | D:1      | Reached XP level 2. HP: 29/29 MP: 1/1
   851 | D:2      | Reached skill level 4 in Unarmed Combat
   851 | D:2      | Reached XP level 3. HP: 32/36 MP: 2/2
   960 | D:2      | Found a shattered altar of Ashenzari.
   963 | D:2      | Found a basalt altar of Yredelemnul.
  1137 | D:3      | Reached XP level 4. HP: 30/44 MP: 3/3
  1238 | D:3      | Found a snail-covered altar of Cheibriados.
  1326 | D:3      | Became a worshipper of Cheibriados the Contemplative
  1326 | D:3      | Reached * piety under Cheibriados
  1326 | D:3      | Reached ** piety under Cheibriados
  1553 | D:3      | Reached skill level 5 in Unarmed Combat
  1578 | D:3      | Reached XP level 5. HP: 49/50 MP: 4/4
  1909 | D:4      | Found a stormy altar of Qazlal.
  1927 | D:4      | Noticed an ogre
  1939 | D:4      | Killed an ogre
  1939 | D:4      | Reached XP level 6. HP: 28/59 MP: 5/5
  2041 | D:4      | Found a glowing drain.
  2047 | Sewer    | Entered a sewer
  2058 | Sewer    | Reached *** piety under Cheibriados
  2077 | Sewer    | Noticed Purgy
  2088 | Sewer    | Killed Purgy
  2088 | Sewer    | Reached skill level 6 in Unarmed Combat
  2599 | D:4      | Reached XP level 7. HP: 58/66 MP: 6/6
  2970 | D:5      | Entered Level 5 of the Dungeon
  2970 | D:5      | Found an iron altar of Okawaru.
  2993 | D:5      | Reached skill level 7 in Unarmed Combat
  3309 | D:5      | Found a shadowy altar of Dithmenos.
  3687 | D:5      | Found a shimmering altar of Xom.
  3724 | D:6      | Reached skill level 8 in Unarmed Combat
  3729 | D:6      | Reached skill level 5 in Dodging
  3732 | D:6      | Reached XP level 8. HP: 58/74 MP: 7/7
  3927 | D:6      | Reached **** piety under Cheibriados
  3963 | D:6      | Reached skill level 9 in Unarmed Combat
  4100 | D:6      | Reached skill level 1 in Invocations
  4388 | D:6      | Found a deep blue altar of Sif Muna.
  4747 | D:7      | Noticed Duvessa
  4747 | D:7      | Noticed Dowan
  4754 | D:7      | Killed Duvessa
  4767 | D:7      | Killed Dowan
  4944 | D:7      | Reached ***** piety under Cheibriados
  4948 | D:7      | Reached XP level 9. HP: 78/80 MP: 9/9
  4955 | D:7      | Found a transporter.
  4974 | D:7      | Found a transporter.
  4974 | D:7      | Found a transporter.
  4974 | D:7      | Found a transporter.
  4974 | D:7      | Found a transporter.
  4975 | D:7      | Found a transporter.
  4985 | D:7      | Reached skill level 10 in Unarmed Combat
  5023 | D:7      | Mangled by an ogre

Vault maps used:
D:1:      onia_arrival_pyramid
D:2:      grunt_temple_overflow_open
D:3:      old_standard_altar
D:4:      gup_sewer_entry_bowl, first_ration, kennysheep_decorative_pillar,
          grunt_ministairs_2, nicolae_qazlal_eye_of_the_storm
D:5:      nicolae_overflow_crystal_walls, tgw_xom, okawaru_metal_pillars_1_2
D:6:      lemuel_round_altar, kennysheep_generic_room_9
D:7:      gammafunk_the_bubble, old_standard_altar,
          minmay_temple_entry_butterflies, the_bakery, uniq_duvessa
Sewer:    sewer_big_baddie

Skill      XL: |  1  2  3  4  5  6  7  8  9 |
---------------+----------------------------+-----
Unarmed Combat | 4 5 6 8 9 10 | 10.0
Dodging        | 3 4 5 6 |  6.9
Invocations    | 2 4 |  4.3
Fighting       | |  2.4
Stealth        | |  1.0

Action                   |  1- 3 |  4- 6 |  7- 9 || total
-------------------------+-------+-------+-------++-------
Melee: Unarmed           |    83 |   135 |   163 ||   381
       Punch             |       |     3 |     9 ||    12
Invok: Slouch            |       |       |     1 ||     1
  Use: Scroll            |       |     7 |     4 ||    11
       Potion            |       |       |     2 ||     2
 Stab: Sleeping          |     1 |       |     2 ||     3
  Eat: Chunk             |    16 |     9 |    16 ||    41
Armor: Robe              |    31 |    48 |    29 ||   108
Dodge: Dodged            |    49 |   100 |    94 ||   243

Table legend:
 A = Spawn XP
 B = Non-spawn XP
 C = Spawn XP percentage of total XP
 D = Spawn monster count
 E = Non-spawn monster count
 F = Spawn count percentage of total count
 G = Total turns spent on level
                    A         B        C        D         E        F      G
               +---------+---------+-------+---------+---------+-------+---------
         Total |       0 |    4131 |   0.0 |       0 |     138 |   0.0 |  5023
               +---------+---------+-------+---------+---------+-------+---------
           D:1 |       0 |      30 |   0.0 |       0 |      15 |   0.0 |   713
           D:2 |       0 |      37 |   0.0 |       0 |      14 |   0.0 |   364
           D:3 |       0 |     137 |   0.0 |       0 |      30 |   0.0 |   699
           D:4 |       0 |     431 |   0.0 |       0 |      14 |   0.0 |  1103
           D:5 |       0 |     480 |   0.0 |       0 |      15 |   0.0 |   747
           D:6 |       0 |    1105 |   0.0 |       0 |      20 |   0.0 |   990
           D:7 |       0 |    1770 |   0.0 |       0 |      24 |   0.0 |   316
         Sewer |       0 |     141 |   0.0 |       0 |       6 |   0.0 |    91
               +---------+---------+-------+---------+---------+-------+---------
